 Dungeon Crawl Stone Soup version 0.16-a0-4024-g0ecf4ac (webtiles) character file.

107197 timbw the Spry (level 15, -20/129 HPs)
             Began as a Vampire Fighter on Feb 18, 2015.
             Was the Champion of Makhleb.
             Killed from afar by a balrug (33 damage)
             ... with a fireball
             ... summoned by the player character
             ... woven by Mara
             ... on level 3 of the Elven Halls.
             The game lasted 01:21:31 (15437 turns).

timbw the Spry (Vampire Fighter)                   Turns: 15437, Time: 01:21:31

Health: -20/129    AC: 28    Str: 15      XL:     15   Next: 99%
Magic:  26/26      EV: 12    Int:  9 (10) God:    Makhleb [******]
Gold:   1423       SH:  8    Dex: 18      Spells: 2 memorised, 9 levels left

rFire  . . .     SeeInvis +     F - +4 demon blade (elec)
rCold  . . .     Clarity  +     m - +4 plate armour {rPois}
rNeg   . . .     SustAb   .     S - +2 buckler
rPois  +         Gourm    .     T - +2 helmet {SInv}
rElec  .         Spirit   .     n - +1 cloak
rCorr  .         Warding  .     c - +2 pair of gloves
rMut   .         Stasis   .     L - +0 pair of boots
MR     +....                    H - amulet of clarity
Stlth  ..........               I - ring of invisibility
                                Z - +2 ring of protection

@: about to teleport, regenerating quickly, somewhat resistant to hostile
enchantments, extremely unstealthy
A: bottle blood, fangs 3, see invisible, unbreathing
a: Minor Destruction, Lesser Servant of Makhleb, Major Destruction, Greater
Servant of Makhleb, Renounce Religion, Evoke Invisibility


You were on level 3 of the Elven Halls.
You worshipped Makhleb.
Makhleb was exalted by your worship.
You were very full.

You visited 5 branches of the dungeon, and saw 27 of its levels.
You also visited: Labyrinth and Ossuary.

You collected 1997 gold pieces.
You spent 574 gold pieces at shops.

Inventory:

Hand weapons
 i - a +0 blowgun
 o - a +2 long sword of flaming
 F - a +4 demon blade of electrocution (weapon)
 R - the +7 scimitar of Flawed Execution {antimagic, rF+ rC+ rN+ Dex-4 SInv}
   (You found it on level 2 of the Elven Halls)

   It disrupts the flow of magical energy around spellcasters and certain
   magical creatures (including the wielder).
   It affects your dexterity (-4).
   It protects you from fire.
   It protects you from cold.
   It protects you from negative energy.
   It enhances your eyesight.
Missiles
 j - 11 poisoned needles
 q - 7 poisoned tomahawks (quivered)
Armour
 c - a +2 pair of gloves (worn)
 m - a +4 plate armour of poison resistance (worn)
 n - a +1 cloak (worn)
 L - a +0 pair of boots (worn)
 S - a +2 buckler (worn)
 T - a +2 helmet of see invisible (worn)
Jewellery
 b - an uncursed ring of protection from magic
 s - a cursed ring of flight
 E - an uncursed ring of protection from magic
 H - an amulet of clarity (around neck)
 I - a ring of invisibility (right hand)
 M - an uncursed ring of protection from cold
 X - an uncursed ring of sustain abilities
 Z - a +2 ring of protection (left hand)
Magical devices
 a - a wand of fire (2)
 h - a wand of digging (4)
 G - a wand of draining (0)
 K - a wand of digging (0)
 Q - a wand of magic darts (28)
 U - a wand of polymorph (10)
Scrolls
 d - a scroll of immolation
 g - 4 scrolls of magic mapping
 l - 6 scrolls of remove curse
 r - 5 scrolls of enchant armour
 t - 7 scrolls of amnesia
 w - 2 scrolls of blinking
 y - 2 scrolls of recharging
 P - 3 scrolls of fog
Potions
 e - 2 potions of might
 f - a potion of agility
 p - a potion of resistance
 v - 2 potions of haste
 x - a potion of lignification
 z - 2 potions of curing
 A - 2 potions of flight
 B - a potion of cancellation
 C - 2 potions of invisibility
 J - 4 potions of brilliance
 N - 2 potions of ambrosia
 O - 3 potions of restore abilities
 W - a potion of berserk rage
 Y - 2 potions of cure mutation
Miscellaneous
 D - a phantom mirror


   Skills:
 + Level 15.5 Fighting
 - Level 14.2 Long Blades
 - Level 5.0 Armour
 + Level 17.4 Dodging
 - Level 5.0 Shields
 - Level 8.0 Invocations
 - Level 4.4 Evocations


You had 9 spell levels left.
You knew the following spells:

 Your Spells              Type           Power        Failure   Level  Hunger
a - Apportation           Tloc           #.........   100%        1    ##.....
b - Control Teleport      Chrm/Tloc      #.........   100%        4    #####..


Dungeon Overview and Level Annotations

Branches:
Dungeon (11/15)            Temple (1/1) D:5            Lair (8/8) D:8
  Swamp (0/5) Lair:5        Snake (0/5) Lair:6          Orc (4/4) D:11
    Elf (3/3) Orc:3
  Slime: Lair:6-8

Altars:
Cheibriados
Elyvilon
Kikubaaqudgha
Makhleb
Ru
Trog
Xom
Yredelemnul
Zin
The Shining One
Beogh

Shops:
D:8 %   Orc:1 :   Orc:4 [[([

Portals:
Hell: Lair:8

Annotations:
Lair:2 exclusion: oklob plant
Lair:7 exclusion: oklob plant
Elf:3 Mara, Norris


Innate Abilities, Weirdness & Mutations

Your natural rate of healing is unusually fast.
You can bottle blood from corpses.
You have razor-sharp teeth.
You have supernaturally acute eyesight.
You can survive without breathing.


Message History

Mara blinks! x2
Your balrug hits the balrug with a demon whip of venom!
The balrug is engulfed in flames.
The balrug completely resists.
The balrug hits your balrug with a demon whip of venom!
Your balrug dies!
The balrug shouts!
Read which item? (? for menu, Esc to quit)
As you read the scroll of teleportation, it crumbles to dust.
You feel strangely unstable.
Mara blinks!
Mara blinks!
The deep elf conjurer hits you but does no damage.
The balrug hits you but does no damage.
Mara gestures.
Mara looks slightly unstable.
The balrug gestures at you.
The fireball explodes!
The fireball engulfs the deep elf conjurer.
The deep elf conjurer dies!
The fireball engulfs timbw's illusion.
The fireball engulfs the balrug.
The balrug completely resists.
The fireball engulfs you!
You die...

# ##...........##*****+* #
#.......P.....#*...,,*
########..........!..##....,*
...'..))........R..........,****
...#####.....P.....#.......,,,,*
...# #..R........#.......,,,,*
...# ##.....R....#.......,,,,*
#### ##.......).#.......,,,,* #
##...2)@.##.......,,,,* #
##..@..##*###...,,**** # #######
*...,,* *,,,,,* *******


You could see 3 Maras, a balrug and timbw's illusion.

Vanquished Creatures
  Saint Roka (Orc:4)
  A deep elf blademaster (Elf:3)
  3 deep elf master archers (Elf:3)
  4 deep elf sorcerers (Elf:3)
  2 deep elf demonologists (Elf:1)
  A dire elephant (Lair:8)
  2 deep elf annihilators
  Snorg (Lair:4)
  A minotaur (Lab)
  A deep elf death mage (Elf:3)
  A hydra (Lair:8)
  The ghost of Absynth the Cleaver, a powerful DsCK of Xom (Lair:2)
  The ghost of GODLIKE the Martial Artist, an experienced DgMo (Orc:4)
  The ghost of kroki the Cleaver, a powerful GrFE of Trog (Orc:2)
  10 death yaks
  A dancing weapon (Elf:2)
  A sun demon (Lair:8)
  Nergalle (Elf:1)
  2 orc high priests (Orc:4)
  18 deep elf knights
  An ice devil (Elf:3)
  10 deep elf summoners
  A wizard (Lair:8)
  3 hill giants
  An orc knight (Orc:1)
  9 deep elf conjurers
  2 griffons
  A sixfirhy (Lair:8)
  An orc sorcerer (Elf:2)
  2 cyclopes (D:11)
  12 elephants
  2 orange demons (Lair:8)
  6 spiny frogs
  18 black mambas
  2 torpor snails
  Psyche (D:11)
  4 fire drakes
  7 komodo dragons
  A hellwing (Lair:8)
  A demonic crawler (Elf:1)
  4 deep elf priests
  2 red devils (Lair:8)
  2 trolls
  5 blue devils (Lair:8)
  A polar bear (Lair:8)
  A baby alligator (shapeshifter) (Elf:2)
  15 blink frogs
  3 boulder beetles
  A two-headed ogre (D:11)
  A ynoxinul (Lair:8)
  18 deep elf magi
  A redback (Elf:1)
  4 basilisks
  A hill giant zombie (D:11)
  4 wyverns
  7 hippogriffs
  Eustachio (D:5)
  30 yaks
  A hungry ghost (D:7)
  3 wargs
  Menkaure (D:7)
  28 wolves
  28 deep elf fighters
  9 porcupines
  2 hell hounds (Lair:7)
  18 water moccasins
  3 phantoms
  A black bear (D:8)
  18 orc warriors
  A sky beast (D:8)
  A necrophage (D:11)
  3 ogres
  12 crocodiles
  6 centaurs
  7 giant frogs
  4 water moccasin zombies (Ossuary)
  3 scorpions
  5 killer bees (D:8)
  3 crimson imps
  2 goliath beetles
  3 wights (D:7)
  A centaur zombie (D:11)
  2 giant frog zombies
  6 hounds
  3 jellies
  16 orc priests
  8 iguanas
  18 orc wizards
  2 worker ants
  5 hell rats (Elf:1)
  13 sheep
  2 killer bee zombies
  2 big kobold zombies (Ossuary)
  4 mummies
  A hound skeleton (D:11)
  17 adders
  41 river rats
  6 shadow imps
  A worm (D:3)
  An iguana zombie (D:11)
  An adder skeleton (D:9)
  9 adder zombies
  An ooze (D:2)
  111 orcs
  5 ball pythons
  A bat zombie (D:5)
  3 giant cockroaches
  4 gnoll zombies (Ossuary)
  11 goblins
  6 hobgoblins
  3 jackals (D:1)
  11 quokkas
  22 bats
  4 giant geckos
  A giant gecko skeleton (D:5)
  5 giant newts
  2 giant spores (D:11)
  5 hobgoblin zombies (Ossuary)
  7 kobolds
  6 kobold zombies (Ossuary)
  5 orc zombies (Ossuary)
  27 rats
  13 ballistomycetes (D:11)
  6 fungi
  2 plants
822 creatures vanquished.

Vanquished Creatures (collateral kills)
  2 hydras
  A death yak (Lair:8)
  A black mamba (Lair:4)
  2 hippogriffs (Lair:2)
  A wolf (Lair:4)
  A crocodile (D:11)
  An iguana (D:9)
  A sheep (D:11)
  A fungus (Lair:8)
11 creatures vanquished.

Vanquished Creatures (others)
  A balrug (Elf:3)
  A blizzard demon (Elf:3)
  A deep elf conjurer (Elf:3)
  2 smoke demons (Lair:8)
  A fire drake (Lair:7)
  3 hellwings
  A yak (Lair:8)
  2 ynoxinuls
  A deep elf fighter (Elf:3)
  A giant frog (D:11)
  A crimson imp (Lair:4)
  A shadow imp (Lair:4)
  4 ufetubi
  A giant spore (D:11)
  9 fungi
  A plant (Lair:3)
31 creatures vanquished.

Grand Total: 864 creatures vanquished

Notes
Turn   | Place    | Note
--------------------------------------------------------------
     0 | D:1      | timbw, the Vampire Fighter, began the quest for the Orb.
     0 | D:1      | Reached XP level 1. HP: 17/17 MP: 1/1
    53 | D:1      | Reached XP level 2. HP: 23/23 MP: 2/2
   168 | D:1      | Reached skill level 3 in Long Blades
   283 | D:3      | Reached XP level 3. HP: 14/28 MP: 3/3
   368 | D:2      | Found a bloodstained altar of Trog.
   604 | D:3      | Reached skill level 4 in Long Blades
   647 | D:5      | Entered Level 5 of the Dungeon
   651 | D:5      | Found a glowing golden altar of the Shining One.
   674 | D:5      | Reached XP level 4. HP: 24/34 MP: 4/4
   717 | D:5      | Noticed a phantom
   738 | D:5      | Reached skill level 5 in Long Blades
   765 | D:5      | Killed a phantom
   765 | D:5      | Reached XP level 5. HP: 34/39 MP: 5/5
   855 | D:5      | Reached skill level 6 in Long Blades
   930 | D:5      | Found a sand-covered staircase.
   943 | Ossuary  | Entered an ossuary
  1010 | Ossuary  | Reached XP level 6. HP: 44/46 MP: 6/6
  1104 | Ossuary  | Reached skill level 7 in Long Blades
  1147 | Ossuary  | Reached XP level 7. HP: 29/51 MP: 7/7
  1246 | D:5      | Found a staircase to the Ecumenical Temple.
  1252 | Temple   | Entered the Ecumenical Temple
  1263 | Temple   | Became a worshipper of Makhleb the Destroyer
  1276 | D:5      | Noticed Eustachio
  1335 | D:5      | Killed Eustachio
  1335 | D:5      | Reached skill level 8 in Long Blades
  1488 | D:6      | Reached skill level 9 in Long Blades
  1578 | D:7      | Reached XP level 8. HP: 42/57 MP: 8/8
  1624 | D:7      | Noticed Menkaure
  1637 | D:7      | Killed Menkaure
  1639 | D:7      | Reached skill level 10 in Long Blades
  1969 | D:7      | Acquired Makhleb's first power
  2035 | D:7      | Reached skill level 11 in Long Blades
  2181 | D:7      | Found a white marble altar of Elyvilon.
  2388 | D:8      | Reached XP level 9. HP: 62/62 MP: 9/9
  2426 | D:8      | Reached skill level 1 in Invocations
  2464 | D:8      | Acquired Makhleb's second power
  2807 | D:8      | Found a staircase to the Lair.
  2961 | D:8      | Found Tiurirch's Food Shoppe.
  3027 | D:8      | Acquired Makhleb's third power
  3404 | D:10     | Entered Level 10 of the Dungeon
  3445 | D:10     | Reached skill level 12 in Long Blades
  3690 | D:10     | Noticed a hill giant
  3727 | D:10     | Killed a hill giant
  3727 | D:10     | Reached skill level 5 in Fighting
  3727 | D:10     | Reached XP level 10. HP: 46/74 MP: 17/17
  3812 | D:10     | Acquired Makhleb's fourth power
  3991 | D:11     | Noticed a cyclops
  4172 | Lair:1   | Entered Level 1 of the Lair of Beasts
  4223 | Lair:1   | Found a labyrinth entrance.
  4242 | Lab      | Entered a labyrinth
  4412 | Lab      | Noticed a minotaur
  4476 | Lab      | Killed a minotaur
  4476 | Lab      | Reached skill level 5 in Armour
  4528 | Lab      | Learned a level 1 spell: Apportation
  4594 | Lair:1   | Reached skill level 5 in Invocations
  4968 | Lair:2   | Reached XP level 11. HP: 83/83 MP: 20/20
  5067 | Lair:2   | Reached skill level 13 in Long Blades
  5186 | Lair:2   | Noticed Absynth's ghost (powerful DsCK)
  5198 | Lair:2   | Killed Absynth's ghost
  5229 | Lair:2   | Found a burning altar of Makhleb.
  5230 | Lair:2   | Noticed an oklob plant
  5388 | Lair:3   | Acquired Makhleb's fifth power
  5407 | Lair:3   | Reached skill level 5 in Shields
  5631 | Lair:2   | Noticed a griffon
  5641 | Lair:2   | Killed a griffon
  6023 | Lair:4   | Reached XP level 12. HP: 93/93 MP: 23/23
  6286 | Lair:4   | Found a runed door.
  6295 | Lair:4   | Noticed an eight-headed hydra
  6432 | Lair:5   | Found a staircase to the Swamp.
  6450 | Lair:5   | Reached skill level 14 in Long Blades
  6633 | Lair:4   | Noticed Snorg
  6796 | Lair:4   | Killed Snorg
  6844 | Lair:5   | Reached skill level 1 in Dodging
  7351 | Lair:6   | Reached skill level 10 in Fighting
  7353 | Lair:6   | Reached skill level 5 in Dodging
  7646 | Lair:6   | Found a staircase to the Snake Pit.
  7883 | Lair:6   | Reached XP level 13. HP: 24/104 MP: 25/25
  8834 | Lair:8   | Entered Level 8 of the Lair of Beasts
  9208 | Lair:8   | Noticed a dire elephant
  9225 | Lair:8   | Killed a dire elephant
  9422 | Lair:8   | Found a burning altar of Makhleb.
  9448 | Lair:8   | HP: 1/108 [sun demon (11)]
  9785 | Lair:8   | Reached skill level 10 in Dodging
 10024 | Lair:8   | Found a gateway to Hell.
 10035 | Lair:8   | Reached XP level 14. HP: 100/116 MP: 25/25
 10061 | Lair:8   | Learned a level 4 spell: Control Teleport
 10959 | D:11     | Killed a cyclops
 11012 | D:11     | Noticed a hill giant
 11025 | D:11     | Killed a hill giant
 11025 | D:11     | Reached skill level 1 in Evocations
 11051 | D:11     | Noticed a hill giant
 11064 | D:11     | Killed a hill giant
 11149 | D:11     | Noticed a six-headed hydra
 11167 | D:11     | Killed a 12-headed hydra
 11239 | D:11     | Found a staircase to the Orcish Mines.
 11248 | Orc:1    | Entered Level 1 of the Orcish Mines
 11248 | Orc:1    | Found a shimmering altar of Xom.
 11255 | Orc:1    | Noticed Psyche
 11272 | D:11     | Killed Psyche
 11356 | D:11     | Noticed a cyclops
 11366 | D:11     | Killed a cyclops
 11440 | Orc:1    | Found Couvvuir's Book Boutique.
 11596 | Orc:2    | Noticed kroki's ghost (powerful GrFE)
 11643 | Orc:2    | Killed kroki's ghost
 12108 | Orc:4    | Entered Level 4 of the Orcish Mines
 12199 | Orc:4    | Found a roughly hewn altar of Beogh.
 12307 | Orc:4    | Noticed Saint Roka
 12493 | Orc:4    | Killed Saint Roka
 12560 | Orc:4    | Found a roughly hewn altar of Beogh.
 12560 | Orc:4    | Found Kurr's Antique Weapon Boutique.
 12564 | Orc:4    | Found Ypuxek's Antique Armour Shop.
 12569 | Orc:4    | Bought a steaming cloak for 304 gold pieces
 12579 | Orc:4    | Identified the cursed -4 cloak of Xopel {rElec MR+} (You bought it in a shop on level 4 of the Orcish Mines)
 12592 | Orc:4    | Bought a pair of runed gloves for 144 gold pieces
 12640 | Orc:4    | Noticed GODLIKE's ghost (experienced DgMo)
 12661 | Orc:4    | Killed GODLIKE's ghost
 12671 | Orc:4    | Found a roughly hewn altar of Beogh.
 12688 | Orc:4    | Found Hyoty's Armour Shoppe.
 12770 | Orc:4    | Found a roughly hewn altar of Beogh.
 12775 | Orc:4    | Found Ruxkaufa's Antique Armour Shoppe.
 12784 | Orc:4    | Bought a runed cloak for 126 gold pieces
 12807 | Orc:4    | Found a roughly hewn altar of Beogh.
 12887 | Orc:3    | Found a bloodstained altar of Trog.
 12897 | Orc:3    | Found a staircase to the Elven Halls.
 13006 | Elf:1    | Entered Level 1 of the Elven Halls
 13413 | Elf:1    | Noticed a Shadow Fiend
 13638 | Elf:1    | Identified the Disquisition on the Entourage
 13682 | Elf:1    | Reached XP level 15. HP: 103/126 MP: 26/26
 13880 | Elf:1    | Noticed Nergalle
 13897 | Elf:1    | Killed Nergalle
 13897 | Elf:1    | Reached skill level 15 in Dodging
 13967 | Elf:1    | Noticed a deep elf sorcerer
 13983 | Elf:1    | Noticed a deep elf sorcerer
 14127 | Elf:2    | Got a smoking scimitar
 14128 | Elf:2    | Identified the +7 scimitar of Flawed Execution {antimagic, rF+ rC+ rN+ Dex-4 SInv} (You found it on level 2 of the Elven Halls)
 14399 | Elf:2    | Reached skill level 16 in Dodging
 14418 | Elf:2    | Found a runed gate.
 14419 | Elf:2    | Found a runed gate.
 14425 | Elf:2    | Found a runed gate.
 14644 | Elf:3    | Entered Level 3 of the Elven Halls
 14661 | Elf:3    | Noticed Norris
 14814 | Elf:3    | Found an ancient bone altar of Kikubaaqudgha.
 14957 | Elf:2    | Reached skill level 15 in Fighting
 15049 | Elf:3    | Noticed a deep elf master archer
 15049 | Elf:3    | Noticed a deep elf master archer
 15073 | Elf:3    | Killed a deep elf master archer
 15088 | Elf:3    | Noticed a deep elf blademaster
 15090 | Elf:3    | Killed a deep elf master archer
 15090 | Elf:3    | Reached skill level 17 in Dodging
 15121 | Elf:3    | Killed a deep elf blademaster
 15221 | Elf:3    | Noticed a deep elf master archer
 15232 | Elf:3    | Killed a deep elf master archer
 15283 | Elf:3    | Noticed Mara
 15287 | Elf:3    | Noticed timbw's illusion
 15319 | Elf:3    | Noticed an Executioner
 15424 | Elf:3    | Noticed timbw's illusion
 15437 | Elf:3    | Killed from afar by a balrug

Action                   |  1- 3 |  4- 6 |  7- 9 | 10-12 | 13-15 || total
-------------------------+-------+-------+-------+-------+-------++-------
Melee: Long sword        |   117 |   215 |   632 |   126 |       ||  1090
       Demon blade       |       |       |       |   775 |  1763 ||  2538
 Fire: Blowgun           |     1 |       |     4 |    13 |    14 ||    32
Invok: Lesser Servant of |       |       |     1 |    10 |    13 ||    24
       Minor Destruction |       |       |       |       |     2 ||     2
       Greater Servant o |       |       |       |       |     3 ||     3
       Major Destruction |       |       |       |       |     1 ||     1
 Abil: Evoke Invisibilit |       |       |       |       |     3 ||     3
Evoke: Wand              |       |       |       |     3 |    10 ||    13
  Use: Potion            |     1 |       |     5 |     5 |     4 ||    15
       Scroll            |       |       |    14 |    14 |    17 ||    45
 Stab: Confused          |       |       |       |     1 |       ||     1
       Distracted        |       |       |       |     3 |       ||     3
       Invisible         |       |       |       |     5 |     5 ||    10
  Eat: Corpse            |     9 |     3 |    20 |    27 |    51 ||   110
